 Dungeon Crawl Stone Soup version 0.18-a0-1655-ge2d8d33 (webtiles) character file.

406348 M4edhros the Spry (level 24, -1/193 HPs)
             Began as a Formicid Artificer on Mar 29, 2016.
             Was the Champion of Cheibriados.
             Slain by a hell knight
             ... wielding a +5 demon blade of flaming
             ... led by Margery
              (36 damage)
             ... on level 2 of the Vaults on Mar 30, 2016.
             The game lasted 05:56:34 (49824 turns).

M4edhros the Spry (Formicid Artificer)             Turns: 49824, Time: 05:56:35

Health: -1/193     AC: 16    Str: 32    XL:     24   Next: 15%
Magic:  14/37      EV: 33    Int: 43    God:    Cheibriados [******]
Gold:   1329       SH: 18    Dex: 33    Spells: 10 memorised, 8 levels left

rFire  + . .     SeeInvis +     W - +6 greatsling (venom)
rCold  + + .     Gourm    .     h - +2 leather armour {rF+}
rNeg   . . .     Faith    .     w - +1 shield {reflect}
rPois  .         Spirit   .     (helmet unavailable)
rElec  +         Dismiss  .     A - +0 cloak {+Inv}
rCorr  .         Reflect  +     N - +1 pair of gloves of the Pink Corner {*Contam MR++ Int+4}
SustAt +         Harm     +     E - +1 pair of boots {Fly}
MR     ++++.     Clarity  +     F - amulet of Nobility {Harm *Drain Fragile +Inv rF- Slay+6}
Stlth  +++++++...               T - ring of Jauted {SustAt rF+ Int+4}
                                q - +3 ring of slaying

@: flying, very slow, incredibly resistant to hostile enchantments, extremely
stealthy
A: permanent stasis, dig shafts and tunnels, four strong arms, antennae 3, fangs
1, talons 1, molten scales 1, rugged brown scales 1, slimy green scales 1,
clarity, clever 2, cold resistance 2, sense surroundings 1, robust 1,
electricity resistance
a: Dig, Shaft Self, Bend Time, Temporal Distortion, Slouch, Step From Time,
Renounce Religion, Evoke Invisibility, Stop Flying
}: 3/15 runes: serpentine, barnacled, slimy


You were on level 2 of the Vaults.
You worshipped Cheibriados.
Cheibriados was exalted by your worship.
You were not hungry.

You visited 8 branches of the dungeon, and saw 44 of its levels.
You also visited: Labyrinth and Sewer.

You collected 5157 gold pieces.
You spent 3828 gold pieces at shops.

Inventory:

Hand Weapons
 V - the +6 trident "Liog Harry" {elec, Str+4 Dex+4 Stlth+}
   (You found it on level 2 of the Snake Pit)

   Occasionally, upon striking a foe, it will discharge some electrical energy
   and cause terrible harm.
   It affects your strength (+4).
   It affects your dexterity (+4).
   It makes you more stealthy.
 W - a +6 greatsling of venom (weapon)
Missiles
 g - 640 stones (quivered)
 m - 254 sling bullets
 C - 37 curare-tipped needles
 G - 11 silver sling bullets
Armour
 d - a +0 pair of gloves of archery
 h - a +2 leather armour of fire resistance (worn)
 o - the +0 shadow dragon armour of the Ban {rN+ Stlth++++}
   (You found it on level 6 of the Pits of Slime)

   It protects you from negative energy.
   It makes you much more stealthy.
 w - a +1 shield of reflection (worn)
 A - a +0 cloak of invisibility (worn)
 E - a +1 pair of boots of flying (worn)
 J - the +4 leather armour of Monotheism {rC- Regen+ Str+7 Dex-5}
   (You took it off a deep elf demonologist on level 3 of the Elven Halls)

   It affects your strength (+7).
   It affects your dexterity (-5).
   It makes you vulnerable to cold.
   It increases your rate of regeneration.
 N - the +1 pair of gloves of the Pink Corner (worn) {*Contam MR++ Int+4}
   (You bought it in a shop on level 2 of the Orcish Mines)

   It affects your intelligence (+4).
   It affects your resistance to hostile enchantments.
   It causes magical contamination when unequipped.
Rods
 a - a +7 rod of shadows (15/15)
   (You bought it in a shop on level 2 of the Orcish Mines)
 b - a +2 rod of inaccuracy (11/11)
   (You found it on level 6 of the Pits of Slime)
 k - a +9 rod of clouds (12/12)
   (You found it on level 6 of the Pits of Slime)
 D - a +5 rod of inaccuracy (15/15)
   (You found it on level 3 of the Elven Halls)
 S - a +8 lightning rod (17/17)
   (You found it on level 10 of the Dungeon)
 X - a +4 iron rod (12/12)
   (You found it on level 13 of the Dungeon)
Jewellery
 p - a +3 ring of evasion
 q - a +3 ring of slaying (left hand)
 F - the amulet of Nobility (around neck) {Harm *Drain Fragile +Inv rF- Slay+6}
   (You found it on level 6 of the Pits of Slime)

   [amulet of harm]

   It increases damage dealt and taken.
   It affects your accuracy and damage with ranged weapons and melee attacks
   (+6).
   It makes you vulnerable to fire.
   It lets you turn invisible.
   It will be destroyed if unequipped.
 T - the ring of Jauted (right hand) {SustAt rF+ Int+4}
   (You found it on level 1 of the Vaults)

   [ring of sustain attributes]

   It sustains your strength, intelligence and dexterity.
   It affects your intelligence (+4).
   It protects you from fire.
Wands
 n - a wand of acid (7/15)
 H - a wand of iceblast (4/15)
 L - a wand of disintegration (11/24)
Scrolls
 e - 8 scrolls of magic mapping
 l - 2 scrolls of fog
 y - 6 scrolls of immolation
 I - 4 scrolls of fear
Potions
 c - 4 potions of ambrosia
 i - a potion of heal wounds
 j - a potion of cancellation
 s - 3 potions of invisibility
 u - a potion of might
 v - 2 potions of resistance
 z - 18 potions of curing
Books
 r - a book of Callings

   Spells                             Type                      Level
   a - Summon Small Mammal            Summoning                    1
   b - Call Imp                       Summoning                    2
   c - Call Canine Familiar           Summoning                    3
   d - Summon Guardian Golem          Hexes/Summoning              3
   e - Summon Lightning Spire         Summoning/Air                4
   f - Summon Ice Beast               Ice/Summoning                4
Miscellaneous
 t - an ornate deck of escape {Solitude}
 x - a crystal ball of energy
 B - a fan of gales (inert)
 M - a disc of storms
 P - a stone of tremors
 Q - a box of beasts {used: 2}
 U - a sack of spiders
 Z - a lamp of fire
Comestibles
 f - 17 bread rations
 K - 8 slices of pizza
 O - a beef jerky
 R - 3 meat rations


   Skills:
 + Level 9.9 Fighting
   Level 1.0 Short Blades
 - Level 14.5 Polearms
 - Level 12.7 Slings
 - Level 8.9 Armour
 - Level 16.2 Dodging
 - Level 14.0 Stealth
 - Level 15.6 Shields
 + Level 10.5 Spellcasting
 - Level 10.1 Hexes
 - Level 5.0 Charms
 - Level 8.6 Translocations
 + Level 7.2 Transmutations
 - Level 5.1 Air Magic
 - Level 10.0 Invocations
 - Level 15.2 Evocations


You had 8 spell levels left.
You knew the following spells:

 Your Spells              Type           Power        Failure   Level  Hunger
a - Repel Missiles        Chrm/Air       ######       1%          2    None
b - Mephitic Cloud        Conj/Pois/Air  #####...     2%          3    None
c - Summon Lightning Spi  Summ/Air       #####...     6%          4    None
d - Gell's Gravitas       Hex/Tloc       #######...   1%          3    None
e - Cause Fear            Hex            #######...   1%          4    None
f - Fulminant Prism       Conj/Hex       ######....   1%          4    None
g - Ozocubu's Armour      Chrm/Ice       #####...     1%          3    None
h - Leda's Liquefaction   Hex/Erth       ######....   1%          4    None
i - Passage of Golubria   Tloc           N/A          1%          4    None
j - Yara's Violent Unrav  Hex/Trmt       #######...   1%          5    None


Dungeon Overview and Level Annotations

Branches:
Dungeon (15/15)            Temple (0/1) D:7            Lair (8/8) D:11
 Shoals (4/4) Lair:6        Snake (4/4) Lair:4        Slime (6/6) Lair:8
    Orc (2/2) D:11            Elf (3/3) Orc:2        Vaults (2/5) D:13
  Crypt (0/3) Vaults:2     Depths (0/5) D:15

Altars:
Cheibriados
Elyvilon
Fedhas
Gozag
Okawaru
Pakellas
Ru
Sif Muna
Trog
Yredelemnul
Zin
Beogh

Shops:
D:5 =   D:6 ?   D:8 }   D:12 ?   D:14 !   Orc:2 :}[[[   Elf:1 *   Elf:3 (*(?
Snake:4 *

Annotations:
D:8 exclusion: door


Innate Abilities, Weirdness & Mutations

You are under a permanent stasis effect.
You can dig through walls and to a lower floor.
Your four strong arms can wield two-handed weapons with a shield.
You have a pair of large antennae on your head (SInv).
You have very sharp teeth.
You have sharp toenails.
You are partially covered in molten scales (AC +1).
You are partially covered in rugged brown scales (AC +1, +3% HP).
You are partially covered in slimy green scales (AC +2).
You possess an exceptional clarity of mind.
Your mind is very acute. (Int +4)
Your flesh is very cold resistant.
You passively map a small area around you.
You are robust (+10% HP).
You are resistant to electric shocks.


Message History

Press: ? - help, Shift-Dir - straight line, f - hell knight
Aim: a hell knight, wielding a demon blade of flaming and wearing a plate armour You shoot a stone.
The stone hits the hell knight!
The hell knight is poisoned.
The hell knight is moderately wounded.
Firing (i - inventory. (,) - cycle):
g - 642 stones (quivered)
Press: ? - help, Shift-Dir - straight line, f/p - hell knight
Aim: a hell knight, wielding a demon blade of flaming and wearing a plate armour (moderately wounded, poisoned)
You shoot a stone. The stone hits the hell knight!!
The hell knight looks even sicker.
The hell knight is heavily wounded.
The hell knight points at you and mumbles some strange words.
The bolt of fire hits you! You resist.
* * * LOW HITPOINT WARNING * * *
Firing (i - inventory. (,) - cycle):
g - 641 stones (quivered)
Press: ? - help, Shift-Dir - straight line, f/p - hell knight
Aim: a hell knight, wielding a demon blade of flaming and wearing a plate armour (severely wounded, poisoned)
You shoot a stone.
The stone barely misses the hell knight.
The hell knight hits you with a demon blade of flaming!!
You die...

* #.##.....##. ** * , ,
#..)).......# ,
,#####+######'#########
, .#(.........[..# ,
.(............<#
,#(()..)...)...# ,
#.............# ,
#....p........#
#(...(@.......# ,
#(.)..........#
#.............#
#.............#
#.............#
###############


You could see a hell knight.

Vanquished Creatures
  the Royal Jelly (Slime:6)
  Margery (Vaults:2)
  Vashnia (Snake:2)
  Nikola (Elf:2)
  A kraken (Shoals:2)
  A deep elf master archer (Elf:3)
  11 acid blobs
  The ghost of George the Severer, an adept MiFi of Makhleb (Snake:4)
  Ilsuiw (Shoals:4)
  7 greater nagas
  Agnes (Snake:2)
  8 azure jellies
  3 deep elf sorcerers
  4 vault wardens
  A fire giant (Vaults:2)
  Donald (Shoals:2)
  4 frost giants
  Aizul (Snake:2)
  Louise (Shoals:1)
  4 deep elf elementalists (Elf:3)
  6 ironheart preservers
  A stone giant (Orc:2)
  A vampire knight (Vaults:2)
  5 deep elf demonologists
  Azrael (Elf:1)
  5 deep elf annihilators (Elf:3)
  6 vault guards
  13 merfolk impalers
  2 ettins
  5 merfolk javelineers
  Josephine (D:13)
  7 deep elf death magi
  A minotaur (Lab)
  6 death oozes (Slime:6)
  2 deep elf high priests (Elf:3)
  7 great orbs of eyes
  6 yaktaur captains (Vaults:1)
  3 ogre magi (Vaults:1)
  6 hydras
  5 naga warriors
  An ice dragon (Vaults:1)
  2 merfolk avatars (Shoals:3)
  17 anacondas
  5 merfolk aquamancers (Shoals:4)
  2 alligator snapping turtles (Shoals:4)
  A queen ant (shapeshifter) (Vaults:1)
  12 centaur warriors
  28 dancing weapons
  3 satyrs
  3 tengu warriors
  2 death knights
  Urug (Lair:2)
  18 naga sharpshooters
  4 orc high priests (Orc:2)
  9 death yaks
  Sonja (Lair:1)
  6 shock serpents
  22 deep elf knights
  2 shadow wraiths
  4 hell knights (Vaults:2)
  5 salamander mystics
  A fire crab (Lair:7)
  6 unseen horrors (Vaults:1)
  7 skeletal warriors
  63 slime creatures
  10 naga ritualists
  7 sea snakes
  2 giant orange brains
  A kraken simulacrum (Shoals:4)
  9 hill giants
  10 deep elf archers
  6 deep trolls (Vaults:1)
  2 phantasmal warriors
  4 ironbrand convokers
  13 orc knights
  A hill giant (shapeshifter) (Elf:2)
  4 lindwurms (Snake:4)
  3 oklob plants
  66 deep elf magi
  9 harpies
  8 griffons
  8 mana vipers
  8 fauns
  11 ugly things
  11 manticores
  5 orc sorcerers
  8 cyclopes
  4 shining eyes
  15 sirens
  8 salamanders
  20 naga magi
  42 black mambas
  8 elephants
  3 eyes of devastation
  5 water nymphs
  2 vault sentinels
  A storm dragon simulacrum (Vaults:1)
  9 guardian serpents
  18 spiny frogs
  8 gargoyles
  6 kobold demonologists
  A komodo dragon (shapeshifter) (Vaults:1)
  4 rime drakes
  10 komodo dragons
  4 freezing wraiths
  10 yaktaurs
  A red devil (D:13)
  3 tengu conjurers
  2 spriggan druids (Lair:8)
  A queen bee (Lair:7)
  6 trolls
  3 wind drakes (Shoals:4)
  6 two-headed ogres
  26 blink frogs
  6 polar bears (Lair:8)
  39 merfolk
  10 snapping turtles
  3 boulder beetles
  7 water elementals
  A flying skull (Vaults:2)
  5 redbacks (Lair:8)
  3 air elementals
  4 shadows
  A tarantella (shapeshifter) (D:15)
  3 wyverns
  Sigmund (D:6)
  10 spriggans (Lair:8)
  A wyvern (shapeshifter) (D:13)
  10 golden eyes
  4 fire elementals
  24 hippogriffs
  8 wraiths
  86 yaks
  7 basilisks
  Grum (Lair:1)
  2 wargs (Orc:2)
  16 vampire mosquitoes
  6 hungry ghosts
  Menkaure (D:7)
  4 mottled dragons
  39 nagas
  A soldier ant (shapeshifter) (Vaults:1)
  2 insubstantial wisps (D:15)
  18 water moccasins
  2 hell hounds (Elf:1)
  31 orc warriors
  16 porcupines
  A sky beast (shapeshifter) (D:15)
  A swamp drake (D:15)
  6 black bears
  4 ice beasts
  7 sky beasts
  3 wasps
  20 ogres
  3 eyes of draining
  4 phantoms
  38 wolves
  26 centaurs
  21 crocodiles
  7 big kobolds
  20 giant frogs
  3 earth elementals
  2 scorpions
  A wyvern skeleton (D:13)
  30 killer bees
  3 wights (D:7)
  4 electric eels
  3 howler monkeys
  10 crimson imps
  29 jellies
  5 centaur zombies
  A quasit (D:10)
  4 giant frog zombies
  4 hounds
  Crazy Yiuf (D:6)
  14 orc priests
  An iron imp (D:13)
  5 centaur skeletons
  2 giant frog skeletons
  27 orc wizards
  11 iguanas
  21 worker ants
  48 sheep
  An ogre skeleton (Lab)
  A hound zombie (D:11)
  2 howler monkey zombies
  3 worker ant zombies
  4 gnolls (D:2)
  2 howler monkey skeletons
  12 adders
  32 river rats
  7 shadow imps
  16 oozes
  2 worms
  3 adder skeletons (D:4)
  4 adder zombies
  2 dart slugs
  8 giant geckos
  86 orcs
  5 ball pythons
  11 giant cockroaches
  7 goblins
  2 hobgoblins
  18 jackals
  5 quokkas
  4 bats (D:1)
  A giant gecko skeleton (D:8)
  A giant gecko zombie (D:4)
  16 giant newts
  A jackal skeleton (D:5)
  A jackal zombie (D:4)
  27 kobolds
  2 quokka zombies (D:4)
  10 rats
  A fungus (Lair:7)
  4 plants
  3 tentacles (Shoals:2)
  A tentacle segment (Shoals:2)
1867 creatures vanquished.

Vanquished Creatures (collateral kills)
  A frost giant (D:15)
  2 deep elf elementalists (Elf:3)
  3 deep elf annihilators (Elf:3)
  3 deep elf death magi (Elf:3)
  2 merfolk javelineers (Shoals:2)
  A great orb of eyes (Slime:6)
  A deep elf high priest (Elf:3)
  A dancing weapon (Elf:3)
  A hell knight (Vaults:2)
  2 deep elf magi (Elf:3)
  A mana viper (Snake:4)
  A faun (Shoals:2)
  2 merfolk (Shoals:2)
  A wind drake (Shoals:2)
  2 slime creatures (Slime:6)
  A giant frog (Lair:5)
25 creatures vanquished.

Vanquished Creatures (others)
  A stone giant (Vaults:2)
  2 merfolk javelineers (Shoals:4)
  A deep elf knight (Elf:1)
  8 deep elf archers
  2 orc knights (Vaults:1)
  A deep elf mage (Elf:2)
  A cyclops (Shoals:3)
  2 yaktaurs (Vaults:1)
  A merfolk (Shoals:4)
  5 bushes (D:15)
  2 fulminant prisms
  16 fungi
  32 plants
  3 tentacles
  53 tentacle segments
130 creatures vanquished.

Grand Total: 2022 creatures vanquished

Notes
Turn   | Place    | Note
--------------------------------------------------------------
     0 | D:1      | M4edhros the Formicid Artificer began the quest for the Orb.
     0 | D:1      | Reached XP level 1. HP: 15/15 MP: 3/3
   184 | D:1      | Reached skill level 2 in Dodging
   320 | D:1      | Reached XP level 2. HP: 21/21 MP: 4/4
   708 | D:1      | Reached skill level 1 in Shields
   721 | D:1      | Reached XP level 3. HP: 20/26 MP: 4/6
  1163 | D:2      | Reached XP level 4. HP: 12/32 MP: 7/7
  1187 | D:2      | Reached skill level 1 in Slings
  1806 | D:2      | Found a snail-covered altar of Cheibriados.
  1837 | D:2      | Became a worshipper of Cheibriados the Contemplative
  1968 | D:2      | Reached XP level 5. HP: 5/37 MP: 8/8
  2880 | D:3      | Reached * piety under Cheibriados
  2966 | D:3      | Found a glowing drain.
  2996 | Sewer    | Entered a sewer
  3172 | Sewer    | Reached ** piety under Cheibriados
  3307 | Sewer    | Noticed a giant frog
  3311 | Sewer    | Killed a giant frog
  3311 | Sewer    | Reached skill level 5 in Evocations
  3311 | Sewer    | Reached XP level 6. HP: 34/43 MP: 9/9
  3672 | D:3      | Found an iron altar of Okawaru.
  3672 | D:3      | Found a basalt altar of Yredelemnul.
  3674 | D:3      | Found a glowing silver altar of Zin.
  3677 | D:3      | Found a white marble altar of Elyvilon.
  4072 | D:3      | Found a sacrificial altar of Ru.
  4096 | D:3      | Reached skill level 5 in Shields
  4251 | D:4      | Reached XP level 7. HP: 43/48 MP: 10/10
  4343 | D:4      | Gained mutation: Your flesh is cold resistant. [potion of beneficial mutation]
  4344 | D:4      | Gained mutation: You are resistant to hostile enchantments. [potion of beneficial mutation]
  4478 | D:4      | Reached *** piety under Cheibriados
  4571 | D:4      | Found an oddly glowing altar of Pakellas.
  4604 | D:4      | Found an oddly glowing altar of Pakellas.
  4658 | D:4      | Reached skill level 1 in Invocations
  4668 | D:4      | Found a blossoming altar of Fedhas.
  4964 | D:4      | Reached XP level 8. HP: 24/54 MP: 12/12
  5246 | D:4      | Reached **** piety under Cheibriados
  5751 | D:5      | Entered Level 5 of the Dungeon
  6092 | D:5      | Found Hixumini's Jewellery Shoppe.
  6142 | D:5      | Gained mutation: Your skin changes colour to match your surroundings (Stealth). [mutagenic meat]
  6143 | D:5      | Gained mutation: You possess an exceptional clarity of mind. [mutagenic meat]
  6144 | D:5      | Gained mutation: You are partially covered in rugged brown scales (AC +1, +3% HP). [mutagenic meat]
  6145 | D:5      | Gained mutation: You are agile. (Dex +2) [mutagenic meat]
  6147 | D:5      | Gained mutation: Your system is resistant to poisons. [mutagenic meat]
  6340 | D:5      | Lost mutation: You are agile. (Dex +2) [mutagenic meat]
  6343 | D:5      | Gained mutation: You are robust (+10% HP). [mutagenic meat]
  6344 | D:5      | Gained mutation: Your mind is acute. (Int +2) [mutagenic meat]
  6530 | D:5      | Reached XP level 9. HP: 47/66 MP: 13/13
  6652 | D:6      | Found Noozar's Magic Scroll Shoppe.
  6668 | D:6      | Gained mutation: You are clumsy. (Dex -2) [potion of mutation]
  6668 | D:6      | Gained mutation: You are very robust (+20% HP). [potion of mutation]
  6669 | D:6      | Gained mutation: You have very sharp teeth. [potion of mutation]
  6670 | D:6      | Lost mutation: Your system is resistant to poisons. [potion of mutation]
  6689 | D:6      | Reached skill level 5 in Slings
  6780 | D:6      | Reached ***** piety under Cheibriados
  7085 | D:6      | Noticed Sigmund
  7093 | D:6      | Killed Sigmund
  7191 | D:6      | Noticed Crazy Yiuf
  7196 | D:6      | Killed Crazy Yiuf
  7424 | D:7      | Reached skill level 5 in Invocations
  7492 | D:7      | Learned a level 2 spell: Repel Missiles
  7496 | D:7      | Learned a level 3 spell: Mephitic Cloud
  7588 | D:7      | Noticed Menkaure
  7592 | D:7      | Killed Menkaure
  7991 | D:7      | Found a staircase to the Ecumenical Temple.
  8149 | D:8      | Reached XP level 10. HP: 79/79 MP: 15/15
  8174 | D:8      | Reached skill level 10 in Shields
  8375 | D:8      | Noticed a three-headed hydra
  8387 | D:8      | Killed a three-headed hydra
  8387 | D:8      | Reached skill level 3 in Dodging
  8404 | D:8      | Gained mutation: You are partially covered in iridescent scales (AC +4). [mutagenic meat]
  8405 | D:8      | Gained mutation: Armour fits poorly on your strangely shaped body. [mutagenic meat]
  8406 | D:8      | Lost mutation: You are resistant to hostile enchantments. [mutagenic meat]
  8529 | D:8      | Found a sacrificial altar of Ru.
  8671 | D:8      | Reached ****** piety under Cheibriados
  9250 | D:8      | Found Erphaacw's Gadget Emporium.
  9323 | D:5      | Bought a +3 ring of slaying for 450 gold pieces
  9903 | D:9      | Reached XP level 11. HP: 86/86 MP: 17/17
 10062 | D:10     | Entered Level 10 of the Dungeon
 10214 | D:10     | Identified a scroll of acquirement
 10397 | D:10     | Noticed a hill giant
 10402 | D:10     | Noticed a hill giant
 10405 | D:10     | Killed a hill giant
 10405 | D:10     | Reached skill level 5 in Stealth
 10416 | D:10     | Killed a hill giant
 10416 | D:10     | Reached skill level 4 in Dodging
 10640 | D:10     | Noticed a purple ugly thing
 10655 | D:10     | Killed a purple ugly thing
 10921 | D:10     | Noticed a skeletal warrior
 10942 | D:10     | Killed a skeletal warrior
 11213 | D:10     | Learned a level 4 spell: Summon Lightning Spire
 11270 | D:10     | Noticed a green ugly thing
 11284 | D:10     | Killed a green ugly thing
 11307 | D:11     | Noticed a manticore
 11307 | D:11     | Noticed a hill giant
 11317 | D:10     | Killed a hill giant
 11333 | D:11     | Reached skill level 1 in Charms
 11389 | D:11     | Reached XP level 12. HP: 78/93 MP: 18/18
 11418 | D:11     | Reached skill level 1 in Air Magic
 11482 | D:11     | Found a staircase to the Lair.
 11626 | D:11     | Found a staircase to the Orcish Mines.
 11688 | D:11     | Noticed a centaur warrior
 11699 | D:11     | Killed a centaur warrior
 11770 | D:11     | Reached skill level 5 in Dodging
 12192 | D:12     | Reached skill level 10 in Slings
 12277 | D:12     | Found Biti's Magic Scroll Shoppe.
 12449 | D:12     | Found a deep blue altar of Sif Muna.
 12672 | D:12     | Reached skill level 10 in Evocations
 12672 | D:12     | Reached XP level 13. HP: 97/99 MP: 20/20
 13087 | D:13     | Noticed a centaur warrior
 13097 | D:13     | Killed a centaur warrior
 13147 | D:13     | Found a gate to the Vaults.
 13147 | D:13     | Noticed a vault guard
 13147 | D:13     | Noticed a vault guard
 13147 | D:13     | Noticed a vault guard
 13147 | D:13     | Noticed an eight-headed hydra
 13147 | D:13     | Noticed a vault guard
 13147 | D:13     | Noticed a centaur warrior
 13416 | D:13     | Killed a vault guard
 13492 | D:13     | Killed a vault guard
 13538 | D:13     | Killed a vault guard
 13573 | D:13     | Killed an eight-headed hydra
 13635 | D:13     | Noticed a centaur warrior
 13638 | D:13     | Killed a centaur warrior
 13651 | D:13     | Killed a centaur warrior
 13820 | D:13     | Gained mutation: You are partially covered in slimy green scales (AC +2). [mutagenic meat]
 13874 | D:13     | Noticed an ettin
 13886 | D:13     | Killed an ettin
 13886 | D:13     | Reached skill level 6 in Dodging
 13942 | D:13     | Reached skill level 10 in Stealth
 14267 | D:13     | Reached XP level 14. HP: 108/108 MP: 22/22
 14716 | D:13     | Noticed Josephine
 14720 | D:13     | Killed Josephine
 15048 | D:13     | Reached skill level 5 in Charms
 15319 | D:14     | Learned a level 3 spell: Gell's Gravitas
 15434 | D:14     | Reached skill level 1 in Spellcasting
 15597 | D:14     | Reached skill level 1 in Hexes
 15713 | D:14     | Found Neucich's Distillery.
 15716 | D:14     | Bought a potion of heal wounds for 70 gold pieces
 16430 | D:15     | Entered Level 15 of the Dungeon
 16491 | D:15     | Found a sacrificial altar of Ru.
 16779 | D:15     | Lost mutation: You are clumsy. (Dex -2) [mutagenic meat]
 16782 | D:15     | Lost mutation: You are partially covered in iridescent scales (AC +4). [mutagenic meat]
 17258 | D:15     | Found a staircase to the Depths.
 17258 | D:15     | Noticed a frost giant
 17267 | D:15     | Killed a frost giant
 17434 | D:15     | Reached XP level 15. HP: 110/118 MP: 23/23
 18069 | Orc:1    | Entered Level 1 of the Orcish Mines
 18378 | Orc:2    | Entered Level 2 of the Orcish Mines
 18442 | Orc:2    | Found a roughly hewn altar of Beogh.
 18442 | Orc:2    | Found a labyrinth entrance.
 18451 | Lab      | Entered a labyrinth
 18761 | Lab      | Got an encrusted hunting sling
 18763 | Lab      | Identified the +9 hunting sling of Doom {velocity, rC+} (You found it in a labyrinth)
 18955 | Orc:2    | Found Gebes's Book Shop.
 19206 | Orc:2    | Reached skill level 5 in Air Magic
 19234 | Orc:2    | Reached skill level 7 in Dodging
 19237 | Orc:2    | Reached skill level 10 in Invocations
 19269 | Orc:2    | Found Alenuynt's Antique Armour Boutique.
 19269 | Orc:2    | Found Asumaqi's Gadget Boutique.
 19271 | Orc:2    | Found Hiptef's Armour Shoppe.
 19271 | Orc:2    | Found Kainooph's Armour Shoppe.
 19293 | Orc:2    | Bought a steaming robe for 125 gold pieces
 19303 | Orc:2    | Identified the +3 robe "Mohis" {-Cast rElec MR+ Int+4} (You bought it in a shop on level 2 of the Orcish Mines)
 19324 | Orc:2    | Bought the +1 pair of gloves of the Pink Corner {*Contam MR++ Int+4} for 360 gold pieces
 19379 | Orc:2    | Found a staircase to the Elven Halls.
 19716 | Orc:2    | Reached skill level 15 in Shields
 19775 | Orc:2    | Noticed a stone giant
 19796 | Orc:2    | Killed a stone giant
 20085 | Lair:1   | Entered Level 1 of the Lair of Beasts
 20328 | Lair:1   | Noticed Sonja
 20338 | Lair:1   | Killed Sonja
 20460 | Lair:1   | Noticed Grum
 20466 | Lair:1   | Killed Grum
 21065 | Lair:2   | Noticed Urug
 21084 | Lair:2   | Killed Urug
 21602 | Lair:2   | Reached XP level 16. HP: 132/132 MP: 25/25
 21870 | Lair:2   | Reached skill level 5 in Fighting
 23128 | Lair:3   | Reached skill level 8 in Dodging
 23417 | Lair:4   | Found a staircase to the Snake Pit.
 24920 | Lair:5   | Reached skill level 1 in Polearms
 26067 | Lair:6   | Got a pitted flail
 26068 | Lair:6   | Identified the cursed +1 flail of Yredelemnul's Approval {venom, rC+ Str+3 Dex-2} (You found it on level 6 of the Lair of Beasts)
 26318 | Lair:6   | Found a staircase to the Shoals.
 26431 | Lair:6   | Learned a level 4 spell: Cause Fear
 26436 | Lair:6   | Learned a level 4 spell: Fulminant Prism
 26772 | Lair:7   | Reached skill level 9 in Dodging
 26772 | Lair:7   | Reached XP level 17. HP: 119/146 MP: 22/28
 26789 | Lair:7   | Reached skill level 5 in Polearms
 27292 | Lair:7   | Found a basalt altar of Yredelemnul.
 27747 | Lair:8   | Entered Level 8 of the Lair of Beasts
 27829 | Lair:8   | Learned a level 3 spell: Ozocubu's Armour
 27896 | Lair:8   | Reached skill level 15 in Evocations
 28128 | Lair:8   | Gained mutation: Your mind is very acute. (Int +4) [potion of mutation]
 28128 | Lair:8   | Lost mutation: Armour fits poorly on your strangely shaped body. [potion of mutation]
 28128 | Lair:8   | Lost mutation: Your skin changes colour to match your surroundings (Stealth). [potion of mutation]
 28189 | Lair:8   | Got an ancient plate armour
 28200 | Lair:8   | Identified the cursed +1 plate armour of the Purple Skies {Str+4 Dex+3 Stlth+} (You found it on level 8 of the Lair of Beasts)
 28328 | Lair:8   | Reached skill level 1 in Armour
 28929 | Lair:8   | Found a staircase to the Slime Pits.
 29232 | Snake:1  | Entered Level 1 of the Snake Pit
 29984 | Snake:2  | Noticed Agnes
 29994 | Snake:2  | Killed Agnes
 30060 | Snake:2  | Reached skill level 5 in Spellcasting
 30116 | Snake:2  | Noticed Aizul
 30123 | Snake:2  | Killed Aizul
 30148 | Snake:2  | Noticed Vashnia
 30152 | Snake:2  | You fall through a shaft!
 30459 | Snake:2  | Found an opulent altar of Gozag.
 30464 | Snake:2  | Gained mutation: You passively map a small area around you. [potion of mutation]
 30737 | Snake:2  | Killed Vashnia
 30737 | Snake:2  | Reached skill level 5 in Armour
 31153 | Snake:2  | Reached XP level 18. HP: 153/153 MP: 29/29
 31255 | Snake:2  | Got a steaming trident
 31256 | Snake:2  | Identified the +6 trident "Liog Harry" {elec, Str+4 Dex+4 Stlth+} (You found it on level 2 of the Snake Pit)
 32207 | Snake:3  | Found a bloodstained altar of Trog.
 32839 | Snake:4  | Entered Level 4 of the Snake Pit
 32839 | Snake:4  | Noticed George's ghost (adept MiFi)
 33129 | Snake:4  | Reached skill level 10 in Polearms
 33149 | Snake:4  | Killed George's ghost
 33314 | Snake:4  | Learned a level 4 spell: Leda's Liquefaction
 33494 | Snake:4  | Found Rebiul's Assorted Antiques.
 33504 | Snake:4  | Bought a potion of mutation for 82 gold pieces
 34008 | Snake:4  | Reached skill level 10 in Dodging
 34076 | Snake:4  | Reached skill level 5 in Hexes
 34224 | Snake:4  | Reached XP level 19. HP: 128/159 MP: 30/30
 34524 | Snake:4  | Reached skill level 11 in Dodging
 34550 | Snake:4  | Gained mutation: Your system is resistant to poisons. [mutagenic meat]
 34552 | Snake:4  | Gained mutation: Your flesh is very cold resistant. [mutagenic meat]
 34557 | Snake:4  | Got a serpentine rune of Zot
 34563 | Snake:4  | Gained mutation: You have sharp toenails. [mutagenic meat]
 34979 | Shoals:1 | Entered Level 1 of the Shoals
 35016 | Shoals:1 | Learned a level 4 spell: Passage of Golubria
 35057 | Shoals:1 | Noticed Louise
 35075 | Shoals:1 | Killed Louise
 35085 | Shoals:1 | Reached skill level 1 in Translocations
 35966 | Shoals:2 | Noticed Donald
 35981 | Shoals:2 | Killed Donald
 36637 | Shoals:3 | Reached XP level 20. HP: 159/168 MP: 31/31
 36699 | Shoals:3 | Gained mutation: You are resistant to electric shocks. [potion of beneficial mutation]
 37301 | Shoals:4 | Entered Level 4 of the Shoals
 37310 | Shoals:4 | Noticed Ilsuiw
 37327 | Shoals:4 | Killed Ilsuiw
 37464 | Shoals:4 | Got a steaming brass amulet
 37500 | Shoals:4 | Reached skill level 5 in Translocations
 37510 | Shoals:4 | Reached skill level 12 in Dodging
 38155 | Shoals:4 | Got a barnacled rune of Zot
 38199 | Shoals:4 | Identified the Collected Works on Quantum Unholy Arts
 38347 | Shoals:4 | Identified the amulet of Furrott {Dismiss MR+ Str+3 Dex+2} (You found it on level 4 of the Shoals)
 39156 | Slime:1  | Entered Level 1 of the Pits of Slime
 39411 | Slime:4  | Reached XP level 21. HP: 164/174 MP: 32/32
 39783 | Slime:6  | Entered Level 6 of the Pits of Slime
 39938 | Slime:6  | Noticed the Royal Jelly
 39942 | Slime:6  | Reached skill level 13 in Dodging
 39969 | Slime:6  | Killed the Royal Jelly
 40071 | Slime:6  | Got a pitted steel ring
 40075 | Slime:6  | Got a transparent graven amulet
 40107 | Slime:6  | Got a twitching copper ring
 40116 | Slime:6  | Identified the amulet of Nobility {Harm *Drain Fragile +Inv rF- Slay+6} (You found it on level 6 of the Pits of Slime)
 40118 | Slime:6  | Got a heavily runed brass ring
 40121 | Slime:6  | Identified the ring of Darkness {rPois rN+} (You found it on level 6 of the Pits of Slime)
 40124 | Slime:6  | Identified the ring "Omoeje" {rPois Str+2 Int+2} (You found it on level 6 of the Pits of Slime)
 40127 | Slime:6  | Identified the ring of Vioxkatz {*Confuse Str+4 Stlth+} (You found it on level 6 of the Pits of Slime)
 40179 | Slime:6  | Got a slimy rune of Zot
 40212 | Slime:6  | Got a steaming shadow dragon armour
 40223 | Slime:6  | Identified the cursed +0 shadow dragon armour of the Ban {rN+ Stlth++++} (You found it on level 6 of the Pits of Slime)
 40229 | Slime:6  | Identified a +2 rod of inaccuracy (11/11) (You found it on level 6 of the Pits of Slime)
 40230 | Slime:6  | Identified a +9 rod of clouds (12/12) (You found it on level 6 of the Pits of Slime)
 40240 | Slime:6  | Identified the Catalogue of Ashen Shape Shifting (You found it on level 6 of the Pits of Slime)
 40249 | Slime:6  | Identified the Papyrus of the Rocks (You found it on level 6 of the Pits of Slime)
 40788 | Slime:5  | Reached skill level 10 in Hexes
 41194 | Orc:2    | Bought a +1 rod of shadows (11/11) for 1445 gold pieces
 42372 | Elf:1    | Entered Level 1 of the Elven Halls
 42785 | Elf:1    | Reached XP level 22. HP: 183/183 MP: 33/33
 42821 | Elf:1    | Reached skill level 14 in Dodging
 43019 | Elf:1    | Noticed Azrael
 43028 | Elf:1    | Killed Azrael
 43202 | Elf:1    | Found Paskaxir's Assorted Antiques.
 43209 | Elf:1    | Bought a scroll of enchant weapon for 172 gold pieces
 43209 | Elf:1    | Bought a scroll of enchant weapon for 172 gold pieces
 43626 | Elf:2    | Noticed Nikola
 43637 | Elf:2    | Killed Nikola
 43812 | Elf:2    | Found a huge runed gate.
 43812 | Elf:2    | Found a huge runed gate.
 43813 | Elf:2    | Found a huge runed gate.
 43813 | Elf:2    | Found a huge runed gate.
 43813 | Elf:2    | Found a huge runed gate.
 44625 | Elf:2    | Reached skill level 15 in Dodging
 45161 | Elf:3    | Entered Level 3 of the Elven Halls
 45236 | Elf:3    | Found Ybbienn's Weapon Shoppe.
 45489 | Elf:3    | Noticed a Tzitzimitl
 45530 | Elf:3    | Reached skill level 16 in Dodging
 45532 | Elf:3    | Reached XP level 23. HP: 67/189 MP: 34/34
 45940 | Elf:3    | Gained mutation: You are partially covered in molten scales (AC +1). [potion of mutation]
 46040 | Elf:3    | Identified Teliox's Catalogue of Transmigration and the Volcanoes
 46118 | Elf:3    | Got a warped cloak
 46129 | Elf:3    | Identified the +2 cloak of Patience {rPois rF- rCorr} (You found it on level 3 of the Elven Halls)
 46155 | Elf:3    | Identified a +3 rod of inaccuracy (13/13) (You found it on level 3 of the Elven Halls)
 46247 | Elf:3    | Got a pitted leather armour
 46258 | Elf:3    | Identified the +4 leather armour of Monotheism {rC- Regen+ Str+7 Dex-5} (You took it off a deep elf demonologist on level 3 of the Elven Halls)
 46521 | Elf:3    | Found Taunk's Weapon Shop.
 46552 | Elf:3    | Found Qorelira's Magic Scroll Boutique.
 46560 | Elf:3    | Bought a scroll of enchant weapon for 112 gold pieces
 46717 | Elf:3    | Found Qikuetz's General Store.
 46726 | Elf:3    | Bought a scroll of acquirement for 780 gold pieces
 46777 | Elf:3    | Bought a scroll of identify for 30 gold pieces
 47079 | Elf:3    | Bought a scroll of identify for 30 gold pieces
 47218 | Elf:3    | Upgraded the game from 0.18-a0-1649-g8d9735b to 0.18-a0-1655-ge2d8d33
 47224 | Elf:3    | Learned a level 5 spell: Yara's Violent Unravelling
 47470 | Vaults:1 | Entered Level 1 of the Vaults
 47523 | Vaults:1 | Reached skill level 1 in Transmutations
 48334 | Vaults:1 | Lost mutation: Your system is resistant to poisons. [mutagenic meat]
 48599 | Vaults:1 | Reached skill level 5 in Transmutations
 48889 | Vaults:1 | Got a pitted platinum ring
 48935 | Vaults:1 | Identified the ring of Jauted {SustAt rF+ Int+4} (You found it on level 1 of the Vaults)
 49479 | Vaults:2 | Reached skill level 10 in Spellcasting
 49651 | Vaults:2 | Lost mutation: You are very robust (+20% HP). [potion of mutation]
 49666 | Vaults:2 | Reached XP level 24. HP: 173/192 MP: 13/37
 49736 | Vaults:2 | Found a staircase to the Crypt.
 49800 | Vaults:2 | Noticed Margery
 49814 | Vaults:2 | Killed Margery
 49824 | Vaults:2 | Slain by a hell knight

Vault maps used:
D:1:      dpeg_arrival_refuge, grunt_decor_arrowhead
D:2:      cheibriados_altar_1
D:3:      minitemple, old_standard_altar, portal_sewer_entry_f,
          grunt_ministairs_12
D:4:      fedhas_altar_3, lemuel_crystal_altar, serial_undead, serial_undead_a,
          serial_undead_a, serial_undead_e, serial_undead_d, serial_undead_f,
          serial_undead_a, grunt_pakellas_mercury
D:5:      first_bread, serial_shops, shop
D:6:      serial_shops, nicolae_shop_waterfront, uniq_sigmund,
          uniq_crazy_yiuf_cottage
D:7:      temple_hall, uniq_menkaure
D:8:      serial_shops, shop, hangedman_ranch, nicolae_ru_awakened_eye
D:10:     wad_mini_maze
D:11:     minmay_lair_entry_grove, orc_0_dummy
D:12:     lemuel_slime, serial_shops, shop_fountains, grunt_ministairs_2,
          tgw_sif
D:13:     kennysheep_demon_hangout, lightli_vaults_fourway_checkpoint,
          minmay_evil_grid, uniq_josephine
D:14:     serial_shops, kennysheep_mini
D:15:     grunt_enter_depths_snipers, basic_altar, minmay_hedge_maze, pond
Lair:1:   lemuel_fruit_fields, uniq_grum, uniq_sonja
Lair:2:   dpeg_oklob_gauntlet, grunt_megastairs_4, uniq_urug
Lair:3:   st_stairs_4, minmay_holes, serial_bayou_shore_b
Lair:4:   guppyfry_snake_entry_garden, serial_bayou_pond_e, grunt_megastairs_5
Lair:6:   elwin_shoals_entry_stream, nicolae_quartered_pool_little
Lair:7:   minmay_lair_oklob_items, basic_altar, special_room
Lair:8:   minmay_lair_end_enchanted_forest, dpeg_slime_entry_corner,
          serial_bayou_lake_a
Shoals:1: uniq_louise
Shoals:2: nicolae_shoals_kraken_intersection, uniq_donald
Shoals:4: shoals_end_grunt_ice, shoals_ilsuiw_alternative, kb_tengu_band
Snake:2:  special_room, basic_altar, uniq_vashnia, uniq_aizul, uniq_agnes
Snake:3:  basic_altar
Snake:4:  snake_pit_salamanders_mu, serial_shops, shop, st_stairs_7
Slime:3:  nicolae_slime_phagocytosis
Orc:1:    uniq_fannar
Orc:2:    st_orc_elflike, serial_shops, shop, basic_altar, lab_entry_generic
Elf:1:    serial_shops, shop, hangedman_elven_crosses_minicolossus, uniq_azrael
Elf:2:    uniq_nikola
Elf:3:    minmay_elf_hall_spiked, serial_shops, shop_statue,
          nicolae_shop_behind_doors, shop, nicolae_shop_waterfront,
          lemuel_flamethrower_1
Vaults:1: ontoclasm_vaults_idyll, st_cells, v_rooms_2, v_misc_3,
          vaults_room_corners, vaults_room_grunt_arrival_ludios,
          vaults_dpeg_hooks, nicolae_vaults_shelves_hall,
          hangedman_vaults_cutoff, v_misc_31, vaults_dpeg_ring
Vaults:2: v_misc_33, nicolae_vaults_little_squares_6, st_check, v_alt_pattern_5,
          minmay_crypt_entry_simple_corners, vaults_room_mumra_shop_pool,
          v_alt_pattern_6, v_rooms_6, v_misc_25, grunt_vaults_hallway_long,
          vaults_room_pool, uniq_margery
Lab:      nicolae_lab_starburst, nicolae_lab_t_cross, nicolae_lab_dead_end,
          nicolae_lab_quarters, nicolae_lab_flowing_pool, nicolae_lab_garden,
          nicolae_lab_grate, lab_block, nicolae_lab_hexagon,
          labyrinth_skeletal_remains, nicolae_lab_stuck,
          nicolae_lab_checkerboard, nicolae_lab_diamond, nicolae_lab_grate_2,
          nicolae_lab_very_dead_end
Sewer:    sewer_frog_island_01

Skill      XL: |  1  2  3  4  5  6  7  8  9 10 11 12 13 14 15 16 17 18 19 20 21 22 23 24 |
---------------+-------------------------------------------------------------------------+-----
Dodging        | 2 3 4 5 6 7 9 10 11 12 13 16 | 16.2
Shields        | 1 2 4 5 6 8 9 11 12 13 14 15 | 15.6
Evocations     | 4 5 6 7 8 9 10 11 12 14 15 | 15.2
Slings         | 1 2 3 4 6 7 9 10 11 12 | 12.7
Invocations    | 1 3 5 6 7 8 9 10 | 10.0
Stealth        | 3 6 8 10 11 13 14 | 14.0
Charms         | 1 3 4 5 |  5.0
Air Magic      | 2 3 4 5 |  5.1
Spellcasting   | 2 3 5 6 10 | 10.5
Hexes          | 2 3 5 7 8 10 | 10.1
Fighting       | 2 4 6 9 |  9.9
Polearms       | 4 8 10 12 13 14 | 14.5
Armour         | 6 8 |  8.9
Translocations | 3 7 8 |  8.6
Transmutations | 6 7 |  7.2
Short Blades   | |  1.0

Action                   |  1- 3 |  4- 6 |  7- 9 | 10-12 | 13-15 | 16-18 | 19-21 | 22-24 || total
-------------------------+-------+-------+-------+-------+-------+-------+-------+-------++-------
Melee: Short sword       |   103 |    14 |       |       |       |       |       |       ||   117
       Spear             |       |   347 |     5 |       |       |       |       |       ||   352
       Dagger            |       |       |    88 |     1 |       |       |       |       ||    89
       Bardiche          |       |       |       |       |       |   193 |     7 |       ||   200
       Trident           |       |       |       |       |       |    99 |   662 |    11 ||   772
 Fire: Hunting sling     |       |       |   577 |   748 |  1414 |  1774 |   328 |       ||  4841
       Greatsling        |       |       |       |       |       |    15 |   558 |  1045 ||  1618
 Cast: Mephitic Cloud    |       |       |       |       |     3 |       |       |       ||     3
       Repel Missiles    |       |       |       |       |     1 |     1 |     2 |       ||     4
       Gell's Gravitas   |       |       |       |       |       |       |     2 |    88 ||    90
       Ozocubu's Armour  |       |       |       |       |       |       |     1 |       ||     1
       Passage of Golubr |       |       |       |       |       |       |     4 |       ||     4
       Fulminant Prism   |       |       |       |       |       |       |       |     2 ||     2
Invok: Slouch            |       |       |       |       |     4 |     6 |    15 |       ||    25
       Bend Time         |       |       |       |       |     2 |     1 |       |       ||     3
       Temporal Distorti |       |       |       |       |       |     2 |     3 |       ||     5
       Step From Time    |       |       |       |       |       |     1 |       |       ||     1
 Abil: Dig               |     1 |     6 |     4 |       |     4 |    18 |     5 |     4 ||    42
       Shaft Self        |       |       |       |       |       |     1 |       |       ||     1
Evoke: Wand              |       |    20 |     5 |     4 |     9 |     1 |    16 |     1 ||    56
       Rod               |       |       |       |    13 |    27 |    16 |    36 |     6 ||    98
       Lamp of fire      |       |       |       |       |     1 |     2 |     3 |     1 ||     7
       Disc of storms    |       |       |       |       |       |       |     5 |     5 ||    10
       Stone of tremors  |       |       |       |       |       |       |     1 |       ||     1
       Crystal ball of e |       |       |       |       |       |       |     1 |       ||     1
       Box of beasts     |       |       |       |       |       |       |       |     2 ||     2
       Fan of gales      |       |       |       |       |       |       |       |     1 ||     1
  Use: Potion            |     1 |     1 |     5 |       |     1 |     7 |    14 |     6 ||    35
       Scroll            |       |       |    12 |    13 |    17 |    22 |    10 |    13 ||    87
 Stab: Sleeping          |     3 |       |       |       |       |     5 |     5 |       ||    13
       Paralysed         |       |       |       |     1 |       |     6 |     4 |       ||    11
       Distracted        |       |       |       |       |       |     5 |     4 |     1 ||    10
       Invisible         |       |       |       |       |       |       |     7 |       ||     7
  Eat: Chunk             |       |     6 |    11 |     5 |    15 |     5 |    20 |    14 ||    76
       Meat ration       |       |     1 |     1 |     1 |     3 |     4 |     1 |       ||    11
       Beef jerky        |       |       |     2 |       |       |     3 |     3 |     1 ||     9
       Royal jelly       |       |       |       |       |       |       |     1 |       ||     1
       Bread ration      |       |       |       |       |       |       |       |     1 ||     1
